 Dungeon Crawl Stone Soup version 0.31-a0-83-gbff143cfd1 (webtiles) character file.

Game seed: 51880071458125863

7 Esekla the Sneak (level 2, -2/21 HPs)
             Began as an Octopode Delver on May 24, 2023.
             Slain by an ufetubus (4 damage)
             ... on level 5 of the Dungeon.
             The game lasted 00:02:22 (423 turns).

Esekla the Sneak (Octopode Delver)                   Turns: 423, Time: 00:02:23

Health: -2/21      AC:  1    Str: 11    XL:     2   Next: 0%
Magic:  2/2        EV: 13    Int: 12    God:
Gold:   36         SH:  0    Dex: 13    Spells: 1/1 levels left

rFire   . . .        a - +0 falchion
rCold   . . .        (no shield)
rNeg    . . .        (helmet restricted)
rPois   .            (no amulet)
rElec   .            (no ring)
rCorr   .            (no ring)
SInv    .            (no ring)
Will    .....        (no ring)
Stlth   ++++         (no ring)
HPRegen 0.23/turn    (no ring)
MPRegen 0.08/turn    (no ring)
                     (no ring)

%: no passive effects
@: no status effects
A: almost no armour, amphibious, 8 rings, camouflage 1, gelatinous body 1,
(nimble swimmer 1), tentacles
a: no special abilities


You were on level 5 of the Dungeon.
You visited 1 branch of the dungeon, and saw 1 of its levels.

You collected 36 gold pieces.

Inventory:

Hand Weapons
 a - a +0 falchion (weapon)
Wands
 f - a wand of digging (3)
 g - a wand of charming (14)
Scrolls
 b - a scroll of fog
 d - a scroll of identify {unknown}
 h - a scroll of butterflies {unknown}
Potions
 c - a potion of mutation {unknown}
 i - a potion of invisibility {unknown}


   Skills:
 * Level 3.1 Fighting
 * Level 2.0 Long Blades
 * Level 2.0 Dodging
 + Level 6.8 Stealth
 * Level 0.2 Spellcasting


You had one spell level left.
You didn't know any spells.
Your spell library was empty.

Dungeon Overview and Level Annotations

Branches:
Dungeon (5/15)
 Temple: D:4-7

Altars:
Dithmenos
Hepliaklqana
Nemelex Xobeh
Vehumet


Innate Abilities, Weirdness & Mutations

You cannot wear most types of armour.
You are amphibious.
You can wear up to eight rings at the same time.
Your skin changes colour to match your surroundings (Stealth+).
Your rubbery body absorbs attacks. (AC +1, EV +1)
((You are camouflaged when in or above water. (Stealth+)))
You have tentacles for arms and can constrict up to eight enemies at once.


Message History

Found a shadowy altar of Dithmenos.
You now have 25 gold pieces (gained 12).
Found a glowing cyan potion.
You see here a scroll labelled UWKUKK VAUMNILIU.
d - a scroll labelled UWKUKK VAUMNILIU You see here a glowing cyan potion.
i - a glowing cyan potion You feel yourself speed up.
You see here 11 gold pieces.
You now have 36 gold pieces (gained 11).
An iguana comes into view.
An orc comes into view. It is wielding a +0 club.
The orc shouts!
You hear a shout!
You hear an angry growl.
You hear a shout! x2
An orc comes into view.
It is wielding a +1 short sword of venom.
You hear a shout!
You hear an angry hiss.
An orc comes into view.
It is wielding a +0 dagger and wearing a +0 leather armour of poison resistance.
Found 7 stones.
The black bear growls angrily.
The iguana barely misses you. The black bear misses you.
The black bear claws you. The black bear barely misses you.
An ufetubus comes into view.
The ufetubus closely misses you. The ufetubus hits you.
Your extra speed is starting to run out.
The ufetubus closely misses you. The ufetubus hits you.
The ufetubus attacks as you move away! The ufetubus hits you.
The ufetubus hits you but does no damage.
The ufetubus attacks as you move away! The ufetubus hits you. x2
* * * LOW HITPOINT WARNING * * *
Found a stone staircase leading down.
The ufetubus completely misses you. The ufetubus hits you.
* * * LOW HITPOINT WARNING * * *
You hit the ufetubus but do no damage. You grab the ufetubus.
You constrict the ufetubus, but do no damage.
The ufetubus closely misses you. The ufetubus misses you.
You hit the ufetubus.
The ufetubus is moderately wounded.
You feel yourself slow down.
You constrict the ufetubus, but do no damage.
The ufetubus hits you.
You die...

,,,********,******
#...ยง...... ,,,*
#>.#* #..........
,,,* **...*
##......... ,,,*
*,,..#* ###.......
**** **,,*..#*
###..... *,,,*#..*
#####.
******,,**#..##
******* ##
***,,,,,,**
*#..##*,,,,,**** #
**,,,,,,,,*
*#@.#*,,,,,,,,*** #
,,,,,,,,,,*
##5##,,,,,.....#*#
,,,,,,,,,,*
#..##,,,,......*#
,,,,,,,,,,*
##..#*,,.......*#
,,,,,,,,,**
##o##.........##
,,,,,,,,,*
###*#.o##.........#
,,,,,,,,,*
#..###.h##........#
,,,,,,,,**
##...###.###.......#
,,,,,,,**
*#.....##l.##........


You could see a black bear, 2 orcs and an ufetubus.

Vanquished Creatures
  A white imp (D:5)
1 creature vanquished.

Notes
Turn   | Place    | Note
-------+----------+-------------------------------------------
     0 | D:5      | Esekla the Octopode Delver began the quest for the Orb.
     0 | D:5      | Reached XP level 1. HP: 16/16 MP: 1/1
    23 | D:5      | Found a sparkling altar of Nemelex Xobeh.
    93 | D:5      | Reached XP level 2. HP: 3/21 MP: 2/2
   205 | D:5      | Found a radiant altar of Vehumet.
   224 | D:5      | Found a hazy altar of Hepliaklqana.
   226 | D:5      | Noticed a black bear
   337 | D:5      | Noticed an ogre
   341 | D:5      | Noticed a phantom
   358 | D:5      | Found a shadowy altar of Dithmenos.
   423 | D:5      | Slain by an ufetubus

Illustrated notes

Levels and vault maps discovered:
D:5:      layout_cave_pods, old_standard_altar, mainiacjoe_overflow_alcove_2,
          grunt_dithmenos_smoke, nemelex_spade_bored_becter,
          mainiacjoe_overflow_six_doors_small

Action                     || total
---------------------------++-------
  Melee: Falchion          ||     7
         Tentacles         ||     3
         Constrict         ||     2
         Punch             ||     1
    Use: Scroll            ||     2
         Potion            ||     1
 Armour: Skin              ||     1
  Dodge: Dodged            ||    10

Table legend: (Time is in decaauts)
 A = Elapsed time spent in this place.
 B = Non-inter-level travel time spent in this place.
 C = Inter-level travel time spent in this place.
 D = Time resting spent in this place.
 E = Time spent auto-exploring this place.
 F = Levels seen in this place.
 G = Mean time per level.
                   A        B        C        D        E       F      G
               +--------+--------+--------+--------+--------+-----+--------+
         Total |    406 |    406 |      0 |     81 |      0 |   1 |  406.0 |
       Dungeon |    406 |    406 |      0 |     81 |      0 |   1 |  406.0 |
               +--------+--------+--------+--------+--------+-----+--------+

Top non-repeatable levels by time:
     D:5: 406 daAuts
